 Dungeon Crawl Stone Soup version 0.30.1-4-g462c640d31 (webtiles) character file.

Game seed: 18048856586683069200

462 safid the Chiller (level 7, 0/51 (54) HPs)
             Began as a Merfolk Ice Elementalist on Sept 15, 2023.
             Slain by a wight
             ... wielding a +0 flail
              (12 damage)
             ... on level 6 of the Dungeon.
             The game lasted 00:05:52 (2348 turns).

safid the Chiller (Merfolk Ice Elementalist)        Turns: 2348, Time: 00:05:53

HP:   0/51 (54)     AC:  9    Str:  8    XL:     7   Next: 7%
MP:   2/13          EV: 12    Int: 22    God:
Gold: 241           SH:  0    Dex: 15    Spells: 7/14 levels left

rFire   . . .        o - +2 short sword (venom)
rCold   . . .        (no shield)
rNeg    . . .        a - +0 robe
rPois   .            (no helmet)
rElec   .            (no cloak)
rCorr   .            (no gloves)
SInv    +            (no boots)
Will    .....        (no amulet)
Stlth   ++           d - +6 ring of intelligence
HPRegen 0.28/turn    j - ring of see invisible
MPRegen 0.13/turn

%: no passive effects
@: ice-armoured, very slightly contaminated, drained
A: (nimble swimmer 2), mertail
a: no special abilities


You were on level 6 of the Dungeon.
You visited 1 branch of the dungeon, and saw 4 of its levels.

You collected 241 gold pieces.

Inventory:

Hand Weapons
 o - a +2 short sword of venom (weapon)
Armour
 a - a +0 robe (worn)
Jewellery
 d - a +6 ring of intelligence (left hand)
 j - a ring of see invisible (right hand)
Scrolls
 c - a scroll of silence {unknown}
 f - 2 scrolls of identify {unknown}
 k - a scroll of poison {unknown}
 l - a scroll of brand weapon {unknown}
 m - a scroll of amnesia {unknown}
 p - a scroll of enchant armour {unknown}
 q - a scroll of fear {unknown}
 r - 2 scrolls of fog {unknown}
 s - a scroll of enchant weapon {unknown}
Potions
 b - a potion of magic
 e - 2 potions of degeneration {unknown}
 g - 2 potions of haste {unknown}
 h - a potion of mutation {unknown}
 i - 4 potions of curing {unknown}
 n - a potion of lignification {unknown}


   Skills:
 + Level 4.2 Fighting
 - Level 2.6 Dodging
 - Level 2.1 Stealth
 + Level 4.2 Spellcasting
 + Level 6.2 Ice Magic


You had 7 spell levels left.
You knew the following spells:

 Your Spells              Type           Power      Damage    Failure   Level
a - Freeze                Ice            100%       1d10      1%          1
b - Frozen Ramparts       Ice            64%        1d10      2%          3
c - Ozocubu's Armour      Ice            32%        N/A       2%          3

Your spell library contained the following spells:

 Spells                   Type           Power      Damage    Failure   Level
 Slow                     Hex            16%        N/A       11%         1
 Summon Ice Beast         Ice/Summ       18%        N/A       30%         4
 Confusing Touch          Hex            4%         N/A       32%         3
 Vampiric Draining        Necr           4%         2d6       32%         3


Dungeon Overview and Level Annotations

Branches:
Dungeon (3/15)

Altars:
Dithmenos

Annotations:
D:3 1 transporter


Innate Abilities, Weirdness & Mutations

((You are very nimble when in or above water. (Stealth+, EV+, Speed+++)))
Your lower body shifts to a powerful aquatic tail in water.


Message History

You barely miss the wight.
The wight is lightly damaged.
The wight completely resists.
The wall freezes the wight but does no damage.
The wight barely misses you.
The wight completely resists.
The wall freezes the wight but does no damage.
Unknown command.
You hit the wight but do no damage.
The wight is lightly damaged.
The wall freezes the wight but does no damage.
The wight hits you with a +0 flail.
You feel drained.
The wight completely resists.
The wall freezes the wight but does no damage.
Unknown command.
You hit the wight but do no damage.
The wight is lightly damaged.
The wight resists.
The wall freezes the wight.
The wight barely misses you.
The wall freezes the wight but does no damage.
Unknown command.
You barely miss the wight.
The wight is moderately damaged.
The frozen ramparts melt away.
The wight closely misses you.
Unknown command.
Casting: Frozen Ramparts (dangerous; 2% risk of failure)
Confirm with . or Enter, or press ? or * to list all spells.
Casting: Frozen Ramparts (dangerous; 2% risk of failure)
Press: ? - help, Dir - look around, f - activate You miscast Frozen Ramparts.
You are very lightly contaminated with residual magic.
Nothing appears to happen.
The wight hits you with a +0 flail!
You feel drained.
* * * LOW HITPOINT WARNING * * *
You closely miss the wight.
The wight is moderately damaged.
The wight closely misses you.
Unknown command.
You hit the wight.
The wight is severely damaged.
The wight hits you with a +0 flail!
You die...

#.. # #. ##.##### #.#. #......###
#.#. #........## #...
#......#..## ##.. ###
#......##..####.. #..
#......###...#### ####
#.#####......#####.#### # #...
#.#†zz@...........>....
..#.#.#####.#.###......##########
#...#.......#.# #......#
#...........z.# ########
#.............# #............##
.....$.......# ##$..........#
.............#


You could see 2 wights.

Vanquished Creatures
  An orc warrior (D:6)
  A black bear (D:6)
  A scorpion (D:6)
  2 hounds (D:6)
  A jelly (D:3)
  An orc wizard (D:3)
  3 adders
  A worm (D:2)
  3 dart slugs
  7 orcs
  7 ball pythons
  7 bats
  4 endoplasms
  3 giant cockroaches
  3 goblins
  8 hobgoblins
  6 jackals
  5 quokkas
  A frilled lizard (D:3)
  4 kobolds
  3 rats
72 creatures vanquished.

Notes
Turn   | Place    | Note
-------+----------+-------------------------------------------
     0 | D:1      | safid the Merfolk Ice Elementalist began the quest for the
                  | Orb.
     0 | D:1      | Reached XP level 1. HP: 13/13 MP: 3/3
   221 | D:1      | Reached XP level 2. HP: 18/20 MP: 3/5
   254 | D:1      | Reached skill level 1 in Fighting
   586 | D:1      | Reached XP level 3. HP: 22/26 MP: 6/6
  1177 | D:2      | Reached XP level 4. HP: 31/33 MP: 6/8
  1244 | D:2      | Reached skill level 5 in Ice Magic
  1301 | D:2      | Learned a level 3 spell: Frozen Ramparts
  1305 | D:2      | Learned a level 3 spell: Ozocubu's Armour
  1534 | D:3      | Reached XP level 5. HP: 20/39 MP: 4/9
  1925 | D:3      | Found a transporter.
  1942 | D:3      | You fall into a shaft and drop 3 floors!
  1966 | D:6      | Noticed an orc warrior
  1975 | D:6      | Killed an orc warrior
  1976 | D:6      | Reached XP level 6. HP: 17/47 MP: 1/11
  2099 | D:6      | Noticed a black bear
  2100 | D:6      | Found a shadowy altar of Dithmenos.
  2104 | D:6      | Killed a black bear
  2105 | D:6      | Reached skill level 6 in Ice Magic
  2339 | D:6      | Reached XP level 7. HP: 32/54 MP: 4/13
  2348 | D:6      | Slain by a wight

Illustrated notes

Levels and vault maps discovered:
D:1:      grunt_arrival_crossed_arrows, layout_loops_cross,
          minmay_misc_feat_chi, minmay_stone_trees_small
D:2:      layout_rooms
D:3:      gammafunk_wand_slinger, layout_basic, serial_glass, glass_columns_a,
          glass_columns_a, roderic_lattice_a, st_stairs_4
D:6:      layout_basic, nicolae_dithmenos_shadow_blocks,
          eat_drink_and_be_merry_uskayaw, lemuel_crystal_altar

Skill      XL: |  1  2  3  4  5  6 |
---------------+-------------------+-----
Fighting       | 1 2 3 4 |  4.2
Ice Magic      | 5 6 |  6.2
Spellcasting   | 3 4 |  4.2
Dodging        | |  2.6
Stealth        | |  2.1

Action                     |  1- 3 |  4- 6 |  7- 9 || total
---------------------------+-------+-------+-------++-------
  Melee: Unarmed           |    30 |       |       ||    30
         Dagger            |    65 |     9 |       ||    74
         Punch             |     1 |     2 |       ||     3
         Short sword       |       |    40 |     9 ||    49
   Cast: Freeze            |    19 |    12 |       ||    31
         Frozen Ramparts   |       |     8 |       ||     8
         Ozocubu's Armour  |       |     4 |       ||     4
   Stab: Sleeping          |     6 |     7 |       ||    13
 Armour: Robe              |    17 |     8 |       ||    25
  Dodge: Dodged            |    61 |    33 |     7 ||   101
